 Dungeon Crawl Stone Soup version 0.22-a0-448-g1fb7470005 (webtiles) character file.

138546 Oravi the Spry (level 17, -4/142 HPs)
             Began as a Merfolk Transmuter on June 4, 2018.
             Was the Champion of Ashenzari.
             Slain by a merfolk impaler
             ... wielding a +1 trident of venom
              (19 damage)
             ... on level 1 of the Shoals.
             The game lasted 02:41:53 (37564 turns).

Oravi the Spry (Merfolk Transmuter)                Turns: 37564, Time: 02:42:06

Health: -4/142     AC:  9    Str: 16    XL:     17   Next: 26%
Magic:  26/33      EV: 32    Int: 23    God:    Ashenzari [******]
Gold:   1799       SH:  0    Dex: 15    Spells: 15/41 levels left

rFire    . . .     SeeInvis +     - Unarmed
rCold    + . .     Gourm    .   (shield currently unavailable)
rNeg     . . .     Faith    .   P - +2 leather armour {rC+} (curse)
rPois    .         Spirit   .   Q - +0 helmet
rElec    .         Reflect  .   y - +2 cloak (curse)
rCorr    .         Harm     .   (gloves currently unavailable)
MR       ++...     Clarity  +   (boots currently unavailable)
Stlth    ++........             N - amulet of rage (curse)
HPRegen  0.33/turn              F - ring "Hylio" {MR+ Str+4} (curse)
MPRegen  0.23/turn              T - +6 ring of intelligence (curse)

@: lethally poisoned (-4 -> -7), blade hands, very quick
A: change form in water, swift swim, stealthy swim
a: End Transformation, Curse Item, Scrying, Transfer Knowledge, Renounce
Religion, Evoke Berserk Rage


You were on level 1 of the Shoals.
You worshipped Ashenzari.
Ashenzari was exalted by your worship.
You were not hungry.
You had blades for hands.
You visited 5 branches of the dungeon, and saw 25 of its levels.
You also visited: Labyrinth and Ossuary.

You collected 2246 gold pieces.
You spent 447 gold pieces at shops.

Inventory:

Hand Weapons
 D - a +0 vampiric glaive
 K - a +1 trident of flaming
Missiles
 a - 673 arrows
 l - 21 javelins
 R - 3 javelins of penetration (quivered)
 W - 58 tomahawks
Armour
 c - a cursed +2 pair of gloves (melded)
 y - a cursed +2 cloak (worn)
 M - a +0 buckler
 P - a cursed +2 leather armour of cold resistance (worn)
 Q - a +0 helmet (worn)
Magical Staves
 H - an uncursed staff of wizardry
Jewellery
 b - an uncursed ring of resist corrosion
 e - an uncursed ring of ice
 g - a +4 ring of evasion
 p - an uncursed ring of positive energy
 s - an uncursed ring of protection from cold
 z - an uncursed ring of protection from fire
 F - the cursed ring "Hylio" (left scythe-like blade) {MR+ Str+4}
   (You found it on level 6 of the Dungeon)

   [ring of protection from magic]

   It affects your strength (+4).
   It affects your resistance to hostile enchantments.
   It has a curse placed upon it.
 I - an uncursed ring of flight
 N - a cursed amulet of rage (around neck)
 T - a cursed +6 ring of intelligence (right scythe-like blade)
 V - an uncursed ring of ice
Wands
 r - a wand of random effects (91)
 u - a wand of clouds (6)
 w - a wand of acid (26)
 B - a wand of iceblast (18)
 G - a wand of flame (77)
 L - a wand of polymorph (69)
 S - a wand of enslavement (12)
Scrolls
 h - 7 scrolls of teleportation
 o - 10 scrolls of remove curse
 q - 2 scrolls of fog
 O - 10 scrolls of identify
 U - 2 scrolls of fear
Potions
 f - 2 potions of cancellation
 i - 2 potions of agility
 k - 3 potions of berserk rage
 m - 3 potions of flight
 n - 4 potions of magic
 t - 3 potions of resistance
 v - 10 potions of heal wounds
 x - 4 potions of brilliance
 A - 3 potions of haste
 C - 2 potions of might
 E - 10 potions of curing
Miscellaneous
 j - a phial of floods
Comestibles
 d - 40 rations
 J - 6 chunks of flesh


   Skills:
 + Level 15.2 Fighting
 + Level 17.7(20.1) Dodging
 - Level 4.0 Shields
 + Level 14.1 Unarmed Combat
 - Level 12.6 Spellcasting
 - Level 13.2(17.3) Transmutations
 - Level 3.3(7.3) Ice Magic
 - Level 6.3(10.8) Earth Magic
 - Level 3.0(6.8) Poison Magic


You had 15 spell levels left.
You knew the following spells:

 Your Spells              Type           Power        Failure   Level  Hunger
a - Statue Form           Tmut/Erth      ######...    24%         6    #####..
b - Sticks to Snakes      Tmut           #######.     3%          2    None
c - Ice Form              Ice/Tmut       ######..     11%         4    None
d - Blade Hands           Tmut           #######...   8%          5    ###....
e - Petrify               Tmut/Erth      ######..     8%          4    None
f - Passwall              Tmut/Erth      ######..     4%          2    None
g - Spider Form           Tmut/Pois      ######....   7%          3    None

Your spell library contained the following spells:

 Spells                   Type           Power        Failure   Level  Hunger
 Magic Dart               Conj           ###.         30%         1    None
 Conjure Flame            Conj/Fire      ###.....     50%         3    None
 Lightning Bolt           Conj/Air       ###.......   96%         5    ###....
 Confuse                  Hex            ###.....     50%         3    None
 Freezing Cloud           Conj/Ice/Air   ####......   99%         6    #####..
 Mephitic Cloud           Conj/Pois/Air  ####....     34%         3    None
 Ring of Flames           Chrm/Fire      ###.......   100%        7    ######.
 Iskenderun's Mystic Bla  Conj           ###.....     78%         4    None
 Tukima's Dance           Hex            ###.....     50%         3    None
 Corpse Rot               Necr           N/A          36%         2    None
 Stone Arrow              Conj/Erth      #####.       19%         3    None
 Shock                    Conj/Air       ###.         30%         1    None
 Swiftness                Chrm/Air       ###.....     36%         2    None
 Dragon Form              Tmut           #######...   28%         7    ######.
 Airstrike                Air            ###.......   78%         4    None
 Ensorcelled Hibernation  Hex/Ice        ####..       19%         2    None
 Static Discharge         Conj/Air       ###.....     50%         3    None
 Corona                   Hex            ###....      30%         1    None
 Lee's Rapid Deconstruct  Erth           ######....   19%         5    ###....
 Sandblast                Erth           ######       6%          1    None
 Leda's Liquefaction      Hex/Erth       #####.....   32%         4    None
 Summon Hydra             Summ           ###.......   100%        7    ######.
 Beastly Appendage        Tmut           ######       3%          1    None
 Fulminant Prism          Conj/Hex       ###.......   78%         4    None
 Dazzling Spray           Conj/Hex       ###...       50%         3    None
 Force Lance              Conj/Tloc      ###.....     78%         4    None
 Searing Ray              Conj           ###...       36%         2    None
 Summon Forest            Summ/Tloc      ###.......   96%         5    ###....
 Hydra Form               Tmut           #######...   13%         6    #####..
 Irradiate                Conj/Tmut      ######....   28%         5    ###....
 Poisonous Vapours        Pois/Air       ####..       19%         2    None


Dungeon Overview and Level Annotations

Branches:
Dungeon (15/15)            Temple (1/1) D:7            Lair (6/6) D:11
 Shoals (1/4) Lair:2        Snake (0/4) Lair:3        Slime (0/5) Lair:6
    Orc (2/2) D:12            Elf (0/3) Orc:2        Vaults (0/5) D:13
 Depths (0/5) D:15

Altars:
Ashenzari
Cheibriados
Dithmenos
Elyvilon
Fedhas
Gozag
Hepliaklqana
Kikubaaqudgha
Makhleb
Nemelex Xobeh
Okawaru
Qazlal
Ru
Sif Muna
Trog
Uskayaw
Vehumet
Wu Jian
Xom
Yredelemnul
Zin
The Shining One
Beogh

Shops:
D:5 !   D:10 ?   D:11 (   D:15 %   Orc:2 *%?*


Message History

The merfolk impaler hits you from afar with a trident of venom!
* * * LOW HITPOINT WARNING * * *
You are poisoned.
The tentacle barely misses you.
The helpless kraken fails to defend itself.
You shred the kraken!!!!
The kraken is moderately wounded.
You feel sick. The tentacle completely misses you. x2
The merfolk impaler hits you from afar with a trident of venom!
* * * LOW HITPOINT WARNING * * *
You are more poisoned.
The tentacle misses you. The tentacle closely misses you.
The tentacle barely misses you.
You feel better. The tentacle completely misses you.
The merfolk impaler hits you from afar with a trident of venom!
* * * LOW HITPOINT WARNING * * *
You are poisoned.
The tentacle completely misses you. x2
The merfolk impaler hits you from afar with a trident of venom!!
You die...

≈ ≈
*#..≈≈≈≈≈≈≈≈#
≈≈, #..≈≈≈≈≈≈≈≈#
≈ ≈≈,*
##...≈≈≈≈≈≈# ≈≈
* ##...≈≈≈≈≈# ≈
≈, ,*
###..≈≈≈≈≈≈# ≈ ,
,#.....≈≈≈≈≈≈#
≈≈≈
,,......≈≈≈≈≈≈≈#
, ≈
≈≈......≈≈≈≈≈≈≈#
,*,
,......≈≈≈≈@w≈≈#
*
.##....≈≈wXw≈≈#
* *, ,
#....≈≈m≈≈≈≈# *
*
,,....≈≈≈≈≈≈≈≈#
,* * ,
..≈≈≈≈≈≈≈≈≈# ,,
, ,.≈≈≈≈≈≈≈≈≈≈#
, * ,
≈≈≈≈≈≈≈≈≈≈≈# ,,
≈ ≈≈≈≈≈≈≈≈≈≈≈# ≈
, ≈,≈≈≈ ≈ ≈ ≈


You could see a kraken (petrified), a merfolk impaler and 3 tentacles.

Vanquished Creatures
  Rupert (Lair:3)
  Frances (D:14)
  Kirke (D:13)
  An orc warlord (Orc:2)
  A frost giant (D:15)
  A stone giant (Orc:1)
  A minotaur (Lab)
  6 dire elephants (Lair:6)
  Nessos (Lair:5)
  3 eidola (D:14)
  2 vault guards (D:13)
  Fannar (Lair:1)
  8 hydras
  Harold (Lair:2)
  7 centaur warriors
  An anaconda (Lair:6)
  2 catoblepae
  5 death yaks (Lair:4)
  3 tengu warriors
  14 two-headed ogres
  5 orc high priests (Orc:2)
  A vampire mage (D:14)
  4 unseen horrors
  8 skeletal warriors
  3 wizards (D:13)
  A sea snake (Shoals:1)
  3 orc knights (Orc:2)
  A lindwurm (Lair:6)
  3 wolf spider zombies
  6 ugly things (D:14)
  4 phantasmal warriors (D:14)
  2 necromancers (D:13)
  11 fauns
  3 cyclopes
  8 orc sorcerers (Orc:2)
  The ghost of Kriby the Spear-Bearer, a novice MfSk of Hepliaklqana (D:8)
  2 manticores
  8 slime creatures
  8 elephants
  Joseph (D:8)
  A merfolk siren (Shoals:1)
  6 black mambas
  8 spiny frogs
  A gargoyle (D:15)
  An eye of devastation (Lair:6)
  A yaktaur (D:15)
  The ghost of Poody the Spear-Bearer, a novice MfGl (D:5)
  A kobold demonologist (D:14)
  2 rime drakes
  10 komodo dragons
  3 tengu conjurers
  4 trolls
  A queen bee (Lair:4)
  2 jumping spiders (D:15)
  3 polar bears
  A hornet (D:9)
  2 merfolk (Shoals:1)
  7 blink frogs
  6 hippogriffs
  A meliai zombie (D:12)
  11 dream sheep
  A vampire (D:12)
  A centaur simulacrum (D:14)
  4 flying skulls (D:14)
  5 wyverns
  2 redbacks (D:15)
  3 water elementals
  2 chaos spawn (D:14)
  2 hogs (D:6)
  64 yaks
  19 humans
  2 vampire mosquitoes (D:12)
  3 wargs (Orc:2)
  3 acid dragons
  A naga (Lair:3)
  12 water moccasins
  A soldier ant (D:10)
  11 porcupines
  Duvessa (D:6)
  43 orc warriors
  4 sky beasts
  An ice beast (D:6)
  A necrophage (D:9)
  3 black bears
  An eye of draining (Lair:5)
  3 phantoms
  22 centaurs
  6 wolves (Lair:2)
  19 ogres
  9 boggarts
  11 crocodiles
  24 bullfrogs
  3 big kobolds
  An elf zombie (Ossuary)
  3 wyvern zombies
  Dowan (D:6)
  3 wyvern skeletons
  2 scorpions
  A water moccasin skeleton (D:4)
  A troll zombie (Ossuary)
  34 killer bees
  15 wights
  7 howler monkeys
  3 electric eels (D:13)
  6 crimson imps
  A lava snake (D:14)
  A bullfrog zombie (D:12)
  12 centaur zombies
  A bullfrog skeleton (D:11)
  6 hounds
  2 human zombies (Ossuary)
  36 orc priests
  4 jellies
  7 centaur skeletons
  A gnoll shaman (D:7)
  3 iguanas
  21 orc wizards
  Ijyb (D:4)
  6 worker ants
  A killer bee zombie (D:5)
  A big kobold zombie (Ossuary)
  A hound skeleton (D:7)
  7 mummies (Ossuary)
  A worker ant zombie (D:6)
  14 gnolls
  12 adders
  4 shadow imps
  2 adder skeletons
  7 adder zombies
  A worm (D:3)
  2 dart slugs
  4 leopard geckos
  96 orcs
  5 giant cockroaches
  11 hobgoblins
  18 jackals
  5 quokkas
  9 bats
  9 frilled lizards
  10 goblins
  3 hobgoblin zombies (Ossuary)
  30 kobolds
  3 kobold zombies (Ossuary)
  An orc zombie (Ossuary)
  A quokka skeleton (D:5)
  4 quokka zombies (Ossuary)
  11 rats
  5 rat zombies (Ossuary)
  3 plants (Lair:6)
964 creatures vanquished.

Vanquished Creatures (collateral kills)
  A harpy (shapeshifter) (D:15)
  2 dream sheep
  A blink frog (Lair:6)
  A hog (D:13)
  2 yaks (Lair:6)
  A basilisk (Lair:6)
  A water moccasin (Lair:6)
9 creatures vanquished.

Vanquished Creatures (others)
  A merfolk avatar (Shoals:1)
  A bullfrog (D:13)
  2 orc wizards
  A worker ant (D:13)
  An orc (D:13)
  14 fungi
  10 plants
  A tentacle (Shoals:1)
31 creatures vanquished.

Grand Total: 1004 creatures vanquished

Notes
Turn   | Place    | Note
-------+----------+-------------------------------------------
     0 | D:1      | Oravi the Merfolk Transmuter began the quest for the Orb.
     0 | D:1      | Reached XP level 1. HP: 15/15 MP: 3/3
     2 | D:1      | Noticed a dwarf
     4 | D:1      | Noticed a merfolk
     4 | D:1      | Noticed a demigod
     6 | D:1      | Noticed a naga
     6 | D:1      | Noticed a troll
     8 | D:1      | Noticed a spriggan
    10 | D:1      | Noticed a gargoyle
    10 | D:1      | Noticed a draconian
    12 | D:1      | Noticed an elf
    12 | D:1      | Noticed a vine stalker
    14 | D:1      | Noticed a centaur
    16 | D:1      | Noticed a human
    16 | D:1      | Noticed an octopode
    18 | D:1      | Noticed a felid
    18 | D:1      | Noticed a demonspawn
    20 | D:1      | Noticed a formicid
    20 | D:1      | Noticed a ghoul
    23 | D:1      | Noticed a vampire
    23 | D:1      | Noticed an ogre
    25 | D:1      | Noticed a tengu
    27 | D:1      | Noticed a minotaur
    27 | D:1      | Noticed a halfling
   207 | D:1      | Reached XP level 2. HP: 20/21 MP: 3/5
  1141 | D:2      | Reached XP level 3. HP: 20/26 MP: 6/6
  1145 | D:2      | Learned a level 2 spell: Sticks to Snakes
  1149 | D:2      | Learned a level 3 spell: Spider Form
  1548 | D:2      | Reached skill level 5 in Transmutations
  1548 | D:2      | Reached skill level 1 in Poison Magic
  1736 | D:2      | Reached XP level 4. HP: 31/32 MP: 0/7
  2675 | D:3      | Found a faded altar of an unknown god.
  2820 | D:4      | Found a glowing silver altar of Zin.
  2823 | D:4      | Reached XP level 5. HP: 37/37 MP: 4/8
  3406 | D:4      | Noticed a phantom
  3626 | D:3      | Reached skill level 3 in Dodging
  3789 | D:3      | Reached XP level 6. HP: 25/44 MP: 6/9
  3947 | D:3      | Killed a phantom
  4121 | D:4      | Found a hide-covered altar of Uskayaw.
  4194 | D:4      | Found a white marble altar of Elyvilon.
  4232 | D:4      | Reached skill level 4 in Dodging
  4232 | D:4      | Reached XP level 7. HP: 41/51 MP: 6/10
  4338 | D:4      | Reached skill level 5 in Unarmed Combat
  4442 | D:4      | Found a shattered altar of Ashenzari.
  4445 | D:4      | Became a worshipper of Ashenzari the Shackled
  4487 | D:5      | Entered Level 5 of the Dungeon
  4509 | D:5      | Found an iron altar of Okawaru.
  4516 | D:5      | Noticed Poody's ghost (novice MfGl)
  4681 | D:5      | Noticed Ijyb
  4700 | D:4      | Killed Ijyb
  5018 | D:5      | Found Joqoqaaj's Distillery.
  5022 | D:5      | Bought a potion of might for 52 gold pieces
  5022 | D:5      | Bought a potion of agility for 52 gold pieces
  5022 | D:5      | Bought a potion of curing for 39 gold pieces
  5217 | D:5      | Reached skill level 5 in Dodging
  5624 | D:5      | Reached XP level 8. HP: 37/60 MP: 0/11
  6029 | D:6      | Noticed Duvessa
  6031 | D:6      | Noticed Dowan
  6041 | D:6      | Killed Duvessa
  6041 | D:6      | Reached skill level 6 in Dodging
  6048 | D:6      | Killed Dowan
  6086 | D:6      | Reached skill level 5 in Fighting
  6266 | D:6      | Found a sand-covered staircase.
  6272 | Ossuary  | Entered an ossuary
  6293 | Ossuary  | Reached * piety under Ashenzari
  6461 | Ossuary  | Reached XP level 9. HP: 61/68 MP: 10/12
  6490 | Ossuary  | Reached skill level 7 in Dodging
  7502 | D:6      | Found a burning altar of Makhleb.
  7504 | D:6      | Noticed a blizzard demon
  7629 | D:6      | Identified the ring "Hylio" {MR+ Str+4}
  8044 | D:7      | Reached skill level 8 in Dodging
  8084 | D:7      | Found a staircase to the Ecumenical Temple.
  8123 | Temple   | Entered the Ecumenical Temple
  8308 | D:7      | Reached skill level 10 in Unarmed Combat
  8459 | D:7      | Reached ** piety under Ashenzari
  8814 | D:8      | Noticed a two-headed ogre
  8824 | D:8      | Killed a two-headed ogre
  8824 | D:8      | Reached XP level 10. HP: 77/77 MP: 9/15
  8830 | D:8      | Learned a level 4 spell: Ice Form
  8839 | D:8      | Learned a level 5 spell: Blade Hands
  8965 | D:8      | Noticed Kriby's ghost (novice MfSk)
  8968 | D:8      | Noticed a two-headed ogre
  9072 | D:8      | Noticed Joseph
  9104 | D:8      | Killed Joseph
  9564 | D:9      | Reached skill level 10 in Transmutations
  9936 | D:9      | Found a blossoming altar of Fedhas.
  9994 | D:9      | Reached skill level 1 in Ice Magic
 10368 | D:10     | Entered Level 10 of the Dungeon
 10378 | D:10     | Killed a two-headed ogre
 10378 | D:10     | Reached skill level 9 in Dodging
 10547 | D:10     | Reached *** piety under Ashenzari
 10630 | D:10     | Found Vohegiat's Magic Scroll Shop.
 10654 | D:10     | Noticed an unseen horror
 10674 | D:10     | Killed an unseen horror
 10674 | D:10     | Reached XP level 11. HP: 77/84 MP: 16/18
 10850 | D:10     | Found a bloodstained altar of Trog.
 10852 | D:10     | Reached skill level 5 in Spellcasting
 10863 | D:10     | Noticed a two-headed ogre
 10873 | D:10     | Killed a two-headed ogre
 11184 | D:10     | Learned a level 4 spell: Petrify
 11211 | D:11     | Noticed a two-headed ogre
 11220 | D:11     | Killed a two-headed ogre
 11220 | D:11     | Reached skill level 10 in Dodging
 11396 | D:11     | Found a staircase to the Lair.
 11507 | D:11     | Found Ysaby's Antique Weapon Boutique.
 11662 | D:11     | Noticed a two-headed ogre
 11675 | D:11     | Killed a two-headed ogre
 11859 | D:11     | Reached skill level 1 in Earth Magic
 12087 | D:11     | Reached **** piety under Ashenzari
 12401 | D:11     | Noticed a catoblepas
 12412 | D:11     | Killed a catoblepas
 12579 | D:11     | Reached XP level 12. HP: 94/94 MP: 17/21
 12963 | D:12     | Found a shattered altar of Ashenzari.
 13104 | D:12     | Reached skill level 11 in Dodging
 13230 | D:12     | Found an iron altar of Okawaru.
 13255 | D:12     | Noticed a two-headed ogre
 13265 | D:12     | Killed a two-headed ogre
 13843 | D:12     | Found a staircase to the Orcish Mines.
 13976 | D:13     | Noticed a tengu warrior
 14033 | D:13     | Noticed a two-headed ogre
 14468 | D:11     | Killed a two-headed ogre
 14976 | D:13     | Killed a tengu warrior
 15631 | D:13     | Reached skill level 10 in Fighting
 15634 | D:13     | Reached XP level 13. HP: 71/103 MP: 21/24
 15975 | D:13     | Noticed a vault guard
 15986 | D:13     | Noticed a vault guard
 15987 | D:13     | Killed a vault guard
 15998 | D:13     | Reached skill level 12 in Dodging
 16003 | D:13     | Killed a vault guard
 16093 | D:13     | Found a gate to the Vaults.
 16762 | D:13     | Noticed Kirke
 16765 | D:13     | Noticed a sphinx
 16792 | D:13     | Killed Kirke
 17574 | D:14     | Learned a level 2 spell: Passwall
 17706 | D:14     | Reached skill level 5 in Earth Magic
 17732 | D:14     | Noticed Frances
 17740 | D:14     | Noticed an eidolon
 17752 | D:14     | Noticed an eidolon
 17906 | D:14     | Found a shimmering altar of Xom.
 17907 | D:14     | Found the +9 mace of Variability {chaos}
 18043 | Lair:1   | Entered Level 1 of the Lair of Beasts
 18394 | Lair:1   | Noticed Fannar
 18414 | Lair:1   | Killed Fannar
 18717 | Lair:1   | Reached ***** piety under Ashenzari
 19334 | Lair:2   | Reached XP level 14. HP: 113/113 MP: 23/26
 19557 | Lair:2   | Found a staircase to the Shoals.
 19594 | Lair:2   | Reached skill level 13 in Dodging
 20060 | Lair:3   | Noticed Harold
 20078 | Lair:2   | Killed Harold
 20143 | Lair:3   | Noticed Rupert
 20246 | Lair:3   | Found a staircase to the Snake Pit.
 20252 | Lair:3   | Paralysed by Rupert for 6 turns
 20615 | Lair:3   | Killed Rupert
 22052 | Lair:4   | Identified the +3 scale mail of Immorality {rF+ rC+}
 22323 | Lair:4   | Reached skill level 14 in Dodging
 23142 | Lair:5   | Noticed Nessos
 23510 | Lair:5   | Killed Nessos
 24200 | Lair:6   | Entered Level 6 of the Lair of Beasts
 24246 | Lair:5   | Reached XP level 15. HP: 70/121 MP: 28/28
 24400 | Lair:6   | Found a labyrinth entrance.
 24410 | Lab      | Entered a labyrinth
 25177 | Lair:6   | Reached skill level 10 in Spellcasting
 25553 | Lair:6   | Found a staircase to the Slime Pits.
 26417 | Lair:6   | Reached skill level 15 in Dodging
 28316 | Lair:6   | Found a staircase to the Slime Pits.
 28908 | D:5      | Found Joqoqaaj's Distillery.
 28911 | D:5      | Killed Poody's ghost
 29167 | D:8      | Killed Kriby's ghost
 29582 | D:14     | Killed Frances
 30133 | D:14     | Reached skill level 16 in Dodging
 30147 | D:14     | Reached XP level 16. HP: 103/132 MP: 25/31
 31003 | D:15     | Entered Level 15 of the Dungeon
 32535 | D:15     | Found Aci Tuod's Food Shoppe.
 33299 | D:15     | Learned a level 6 spell: Statue Form
 33556 | D:15     | Found a staircase to the Depths.
 33780 | Orc:1    | Entered Level 1 of the Orcish Mines
 34094 | Orc:2    | Entered Level 2 of the Orcish Mines
 34150 | Orc:2    | Reached skill level 17 in Dodging
 34442 | Orc:2    | Found a roughly hewn altar of Beogh.
 34521 | Orc:2    | Reached ****** piety under Ashenzari
 34523 | Orc:2    | Found Fefupam's Food Emporium.
 34545 | Orc:2    | Found Reovuos's General Store.
 35051 | Orc:2    | Found a staircase to the Elven Halls.
 35351 | Orc:2    | Reached skill level 15 in Fighting
 35413 | Orc:2    | Found Osutoer's Magic Scroll Boutique.
 35436 | Orc:2    | Reached XP level 17. HP: 118/142 MP: 27/33
 35962 | Orc:2    | Found a roughly hewn altar of Beogh.
 36028 | Orc:2    | Found Sepurute's Assorted Antiques.
 36715 | Orc:2    | Bought a glowing glaive for 304 gold pieces
 37021 | Shoals:1 | Entered Level 1 of the Shoals
 37042 | Lair:2   | Reached skill level 1 in Shields
 37551 | Shoals:1 | Noticed a kraken
 37564 | Shoals:1 | Slain by a merfolk impaler

Vault maps used:
D:1:      kb_arrival_jail
D:3:      chequers_ecumenical_altar_lobes, minmay_misc_feat_encased
D:4:      kennysheep_mini_moat, kennysheep_mini, lemuel_round_altar,
          eat_drink_and_be_merry_uskayaw, first_ration, hangedman_decor_points
D:5:      overflow_temple_1_default, serial_shops, nicolae_shop_trees, uniq_ijyb
D:6:      makhleb_altar_promises_db, lightli_ossuary_entry_decrepit_ruins,
          uniq_duvessa
D:7:      minmay_temple_entry_trees, grunt_livestock
D:8:      uniq_joseph
D:9:      marbit_many_paths
D:10:     serial_shops, shop_fountains, basic_altar, corexii_leaking_fountain
D:11:     nzn_motion_control, lair_entry_dummy, serial_shops,
          nicolae_shop_competitors_out_of_business
D:12:     orc_0_dummy, basic_altar, minivault_11, evilmike_ruin_ashenzari
D:13:     grunt_vaults_entry_tiered, uniq_kirke
D:14:     hangedman_screamer, nicolae_lava_and_water,
          minmay_guarded_unrand_variability
D:15:     grunt_enter_depths_snipers, serial_shops, nicolae_shop_crystal,
          minivault_27, palyth_stone_intersect
Temple:   regret_index_temple_waves
Lair:1:   uniq_fannar
Lair:2:   elwin_shoals_entry_rocks, minivault_23
Lair:3:   guppyfry_snake_entry_island, special_room, gammafunk_lair_bear_cave,
          uniq_harold, uniq_rupert
Lair:4:   grunt_megastairs_5
Lair:5:   uniq_nessos
Lair:6:   due_jungle_book, minmay_slime_entry_eyes, lab_entry_generic
Shoals:1: nicolae_shoals_c_island
Orc:2:    pubby_orc_utopia
Lab:      nicolae_lab_dead_adventurers
Ossuary:  ossuary_boxes_badplayer

Skill      XL: |  1  2  3  4  5  6  7  8  9 10 11 12 13 14 15 16 17 |
---------------+----------------------------------------------------+-----
Transmutations | 3 4 5 6 7 10 11 12 13 | 13.2
Poison Magic   | 1 2 3 |  3.0
Dodging        | 3 4 5 6 8 9 10 11 12 14 16 17 | 17.7
Unarmed Combat | 4 6 8 10 11 12 13 14 | 14.1
Fighting       | 2 4 5 6 7 8 10 11 12 13 15 | 15.2
Spellcasting   | 3 4 6 7 8 9 11 12 | 12.6
Ice Magic      | 3 |  3.3
Earth Magic    | 1 3 5 6 |  6.3
Shields        | 4 |  4.0

Action                   |  1- 3 |  4- 6 |  7- 9 | 10-12 | 13-15 | 16-18 || total
-------------------------+-------+-------+-------+-------+-------+-------++-------
Melee: Unarmed           |   112 |   145 |   465 |   687 |  1121 |   673 ||  3203
       Headbutt          |     8 |       |       |       |       |       ||     8
       Punch             |     2 |       |       |     2 |    27 |    36 ||    67
       Staff             |       |       |       |       |     4 |     5 ||     9
       Tailslap          |       |       |       |       |     1 |     6 ||     7
Throw: Javelin           |       |       |       |       |       |     3 ||     3
 Cast: Beastly Appendage |    15 |       |     7 |       |       |       ||    22
       Spider Form       |     5 |    28 |    62 |    64 |    35 |     1 ||   195
       Sticks to Snakes  |       |       |     5 |     5 |    34 |     3 ||    47
       Blade Hands       |       |       |       |     9 |    36 |    34 ||    79
       Petrify           |       |       |       |     1 |    30 |     6 ||    37
       Ice Form          |       |       |       |     1 |    33 |     1 ||    35
       Statue Form       |       |       |       |       |       |    28 ||    28
Invok: Curse Item        |       |       |     4 |     1 |     1 |     1 ||     7
 Abil: End Transformatio |       |       |       |     5 |    15 |     3 ||    23
Evoke: Wand              |       |       |       |    11 |     1 |       ||    12
  Use: Potion            |       |       |     1 |     1 |     5 |     3 ||    10
       Scroll            |       |       |    18 |     4 |    10 |     1 ||    33
 Stab: Sleeping          |     1 |     2 |     1 |     4 |     3 |     2 ||    13
       Distracted        |     1 |       |     1 |       |     4 |     2 ||     8
       Petrified         |       |       |       |     9 |     8 |     5 ||    22
       Petrifying        |       |       |       |       |     2 |       ||     2
  Eat: Chunk             |     4 |    12 |    17 |    26 |    41 |    27 ||   127
       Ration            |       |       |     2 |     1 |     6 |     4 ||    13
Armor: Robe              |    20 |     6 |       |       |       |       ||    26
       Skin              |     2 |     6 |    11 |     9 |    57 |   125 ||   210
       Leather armour    |       |       |     6 |    12 |    32 |    33 ||    83
Dodge: Dodged            |    83 |   120 |   389 |   894 |  1283 |  1014 ||  3783

Table legend:
 A = Spawn XP
 B = Non-spawn XP
 C = Spawn XP percentage of total XP
 D = Spawn monster count
 E = Non-spawn monster count
 F = Spawn count percentage of total count
 G = Total turns spent on level
                    A         B        C        D         E        F      G
               +---------+---------+-------+---------+---------+-------+---------
         Total |       0 |  197923 |   0.0 |       0 |     971 |   0.0 | 37564
               +---------+---------+-------+---------+---------+-------+---------
           D:1 |       0 |      29 |   0.0 |       0 |      20 |   0.0 |  1079
           D:2 |       0 |      87 |   0.0 |       0 |      30 |   0.0 |  1201
           D:3 |       0 |     297 |   0.0 |       0 |      31 |   0.0 |  1545
           D:4 |       0 |     401 |   0.0 |       0 |      25 |   0.0 |  1038
           D:5 |       0 |     919 |   0.0 |       0 |      17 |   0.0 |  1045
           D:6 |       0 |    1489 |   0.0 |       0 |      33 |   0.0 |  1339
           D:7 |       0 |     935 |   0.0 |       0 |      19 |   0.0 |   853
           D:8 |       0 |    2303 |   0.0 |       0 |      10 |   0.0 |  1283
           D:9 |       0 |    1357 |   0.0 |       0 |      22 |   0.0 |   847
          D:10 |       0 |    4294 |   0.0 |       0 |      29 |   0.0 |   859
          D:11 |       0 |    7559 |   0.0 |       0 |      54 |   0.0 |  1731
          D:12 |       0 |    6439 |   0.0 |       0 |      45 |   0.0 |  2319
          D:13 |       0 |   16811 |   0.0 |       0 |      63 |   0.0 |  2483
          D:14 |       0 |   36895 |   0.0 |       0 |      83 |   0.0 |  3571
          D:15 |       0 |   13681 |   0.0 |       0 |      37 |   0.0 |  1066
        Temple |       0 |      50 |   0.0 |       0 |       1 |   0.0 |   119
        Lair:1 |       0 |    4681 |   0.0 |       0 |      18 |   0.0 |  1374
        Lair:2 |       0 |    6315 |   0.0 |       0 |      26 |   0.0 |  1047
        Lair:3 |       0 |    5769 |   0.0 |       0 |      25 |   0.0 |   752
        Lair:4 |       0 |   17243 |   0.0 |       0 |      66 |   0.0 |  2275
        Lair:5 |       0 |    8599 |   0.0 |       0 |      29 |   0.0 |  1793
        Lair:6 |       0 |   23503 |   0.0 |       0 |      56 |   0.0 |  2977
      Shoals:1 |       0 |    7134 |   0.0 |       0 |      15 |   0.0 |   491
         Orc:1 |       0 |    3915 |   0.0 |       0 |      31 |   0.0 |   616
         Orc:2 |       0 |   25307 |   0.0 |       0 |     148 |   0.0 |  2498
           Lab |       0 |    1292 |   0.0 |       0 |       1 |   0.0 |   654
       Ossuary |       0 |     619 |   0.0 |       0 |      37 |   0.0 |   709
               +---------+---------+-------+---------+---------+-------+---------
